 Dungeon Crawl Stone Soup version 0.22.1-1-ga44c0e56f4 (webtiles) character file.

78 JedernureinKreuz the Firebug (level 3, -5/27 HPs)
             Began as a Demigod Fire Elementalist on Sept 19, 2018.
             Slain by Sigmund
             ... wielding a +0 scythe
              (10 damage)
             ... on level 2 of the Dungeon.
             The game lasted 00:05:33 (961 turns).

JedernureinKreuz the Firebug (DgFE)                  Turns: 961, Time: 00:05:34

Health: -5/27      AC:  4    Str: 11    XL:     3   Next: 94%
Magic:  6/8        EV: 12    Int: 21    God:
Gold:   62         SH:  0    Dex: 16    Spells: 5/6 levels left

rFire    . . .     SeeInvis .   b - +0 whip (elec)
rCold    . . .     Gourm    .   (no shield)
rNeg     . . .     Faith    .   l - +0 leather armour
rPois    .         Spirit   .   o - +0 helmet
rElec    .         Reflect  .   (no cloak)
rCorr    .         Harm     .   (no gloves)
MR       .....                  (no boots)
Stlth    +.........             (no amulet)
HPRegen  0.09/turn              (no ring)
MPRegen  0.11/turn              (no ring)

@: confused
A: high mp 1
a: no special abilities


You were on level 2 of the Dungeon.
You were hungry.

You visited 1 branch of the dungeon, and saw 2 of its levels.

You collected 62 gold pieces.

Inventory:

Hand Weapons
 b - a +0 whip of electrocution (weapon)
 d - a +0 whip
 t - a +0 mace of protection
Missiles
 e - 31 stones (quivered)
 g - 18 poisoned needles
 m - 26 arrows
Armour
 a - a +0 robe
 l - a +0 leather armour (worn)
 o - a +0 helmet (worn)
Scrolls
 i - a scroll of enchant armour {unknown}
 j - 5 scrolls of identify {unknown}
 n - a scroll of immolation {unknown}
 r - a scroll of remove curse {unknown}
Potions
 h - a potion of resistance {unknown}
 k - 2 potions of flight {unknown}
 p - a potion of degeneration {unknown}
 q - a potion of agility {unknown}
 s - a potion of brilliance {unknown}
Comestibles
 c - a ration
 f - 3 chunks of flesh


   Skills:
 + Level 0.4 Fighting
 + Level 0.2 Maces & Flails
 + Level 0.6 Armour
 + Level 2.0 Dodging
 + Level 2.1 Stealth
 + Level 0.5 Unarmed Combat
 + Level 2.0 Spellcasting
 + Level 1.4 Conjurations
 + Level 3.4 Fire Magic


You had 5 spell levels left.
You knew the following spells:

 Your Spells              Type           Power        Failure   Level  Hunger
a - Flame Tongue          Conj/Fire      ##...        7%          1    #......

Your spell library contained the following spells:

 Spells                   Type           Power        Failure   Level  Hunger
 Throw Flame              Conj/Fire      ##....       11%         2    ##.....
 Conjure Flame            Conj/Fire      ##......     22%         3    ###....
 Inner Flame              Hex/Fire       #.......     28%         3    ###....
 Sticky Flame             Conj/Fire      ##......     56%         4    #####..
 Fireball                 Conj/Fire      ##........   89%         5    ######.


Dungeon Overview and Level Annotations

Branches:
Dungeon (2/15)

Annotations:
D:2 Sigmund


Innate Abilities, Weirdness & Mutations

You have an increased reservoir of magic. (+10% MP)


Message History

Confirm with . or Enter, or press ? or * to list all spells.
You can't see any susceptible monsters within range! (Use Z to cast anyway.)
Casting: Flame Tongue (safe; 7% risk of failure)
Confirm with . or Enter, or press ? or * to list all spells.
Aiming: Flame Tongue (safe; 7% risk of failure)
Press: ? - help, Shift-Dir - straight line The flame tongue hits something.
Something hits you!
* * * LOW HITPOINT WARNING * * *
You closely miss something. Something hits you.
* * * LOW HITPOINT WARNING * * *
You barely miss something. You closely miss something.
You hear some strange, mumbled words.
You are confused.
You're too confused to move!
You hear some strange, mumbled words.
A puff of flame appears from out of thin air!
The puff of flame misses you.
You bump into the rock wall.
Something hits you!
You die...

...#
##.##.......#
...#
#..#.......#
...#
##.#.......#
...#
#.#.......###
...######
#.#..........
........#
#........#
##.####.#
##..#'####
#.#
#..#.########
#.#
#....@{......
#.#
####.########
#[# #.# ##.##
#.# ....# #.#
##### #.. #.#
###


There were no monsters in sight!

Vanquished Creatures
  Terence (D:2)
  An ooze (D:1)
  A worm (D:2)
  A dart slug (D:2)
  2 leopard geckos (D:1)
  7 bats
  3 goblins (D:1)
  5 hobgoblins
  5 jackals (D:1)
  A ball python (D:1)
  3 frilled lizards
  4 kobolds (D:1)
  7 rats
41 creatures vanquished.

Notes
Turn   | Place    | Note
-------+----------+-------------------------------------------
     0 | D:1      | JedernureinKreuz the Demigod Fire Elementalist began the
                  | quest for the Orb.
     0 | D:1      | Reached XP level 1. HP: 14/14 MP: 5/5
    49 | D:1      | Reached skill level 3 in Fire Magic
    86 | D:1      | Reached XP level 2. HP: 6/20 MP: 0/7
   357 | D:1      | Reached skill level 1 in Conjurations
   594 | D:1      | Reached XP level 3. HP: 20/26 MP: 8/8
   874 | D:2      | Noticed Terence
   878 | D:2      | Killed Terence
   930 | D:2      | Found a shimmering altar of Xom.
   948 | D:2      | Noticed Sigmund
   961 | D:2      | Slain by Sigmund

Skill      XL: |  1  2  3 |
---------------+----------+-----
Fire Magic     | 3 |  3.4
Stealth        | 2 |  2.1
Conjurations   | 1 |  1.4
Dodging        | 2 |  2.0
Spellcasting   | 2 |  2.0
Fighting       | |  0.4
Maces & Flails | |  0.2
Armour         | |  0.6
Unarmed Combat | |  0.5

Action                   || total
-------------------------++-------
Melee: Unarmed           ||    26
       Whip              ||    76
 Cast: Flame Tongue      ||    29
 Stab: Sleeping          ||     2
Armor: Robe              ||    13
       Leather armour    ||    21
Dodge: Dodged            ||    81
